 Dungeon Crawl Stone Soup version 0.29.1-13-g9f3cf754e1 (webtiles) character file.

Game seed: 11105783580750684487

86 Descartes the Scratcher (level 4, -7/21 HPs)
             Began as a Felid Wanderer on Feb 8, 2023.
             Mangled by Eustachio
             ... wielding a +0 rapier
              (10 damage)
             ... on level 4 of the Dungeon.
             The game lasted 00:05:14 (4953 turns).

Descartes the Scratcher (Felid Wanderer)            Turns: 4953, Time: 00:05:14

Health: -7/21      AC:  1    Str: 12    XL:     4   Next: 27%
Magic:  6/6        EV: 17    Int: 12    God:
Gold:   137        SH:  0    Dex: 12    Spells: 4/5 levels left
                                        Lives:  0   Deaths: 1

rFire   . . .      SeeInvis +     - Unarmed
rCold   . . .      Faith    .   (shield unavailable)
rNeg    . . .      Spirit   .   (body armour unavailable)
rPois   .          Reflect  .   (helmet unavailable)
rElec   .          Harm     .   (cloak unavailable)
rCorr   .          Rampage  .   (gloves unavailable)
Will    +....                   (boots unavailable)
Stlth   ++........              (no amulet)
HPRegen 0.07/turn               d - ring of willpower
MPRegen 0.10/turn               (no ring)

@: quick
A: very small, claws 1, fangs 3, see invisible, speed 1, shaggy fur 1, stealthy
paws, no weapons or thrown items, no armour, multi-lived, dopey 1
a: no special abilities


You were on level 4 of the Dungeon.
You visited 1 branch of the dungeon, and saw 4 of its levels.

You collected 137 gold pieces.

Inventory:

Jewellery
 d - a ring of willpower (left paw)
Scrolls
 a - 3 scrolls of fear
 c - a scroll of immolation {unknown}
 e - a scroll of enchant armour {unknown}
 g - a scroll of magic mapping {unknown}
 i - a scroll of enchant weapon {unknown}
 k - 5 scrolls of identify {unknown}
 l - a scroll of blinking {unknown}
 n - a scroll of summoning {unknown}
 p - 2 scrolls of teleportation {unknown}
Potions
 b - a potion of magic {unknown}
 f - a potion of brilliance {unknown}
 h - 2 potions of heal wounds {unknown}
 j - a potion of attraction {unknown}
 m - a potion of flight {unknown}
 o - 3 potions of curing {unknown}


   Skills:
 + Level 3.1 Fighting
 + Level 3.0 Dodging
 + Level 3.7 Stealth
 + Level 4.6 Unarmed Combat
 - Level 1.0 Spellcasting
 - Level 3.0 Translocations


You had 4 spell levels left.
You knew the following spells:

 Your Spells              Type           Power      Damage    Failure   Level
a - Apportation           Tloc           14%        N/A       9%          1

Your spell library contained the following spells:

 Spells                   Type           Power      Damage    Failure   Level
 Lesser Beckoning         Tloc           7%         N/A       26%         3
 Ensorcelled Hibernation  Hex/Ice        0%         N/A       41%         2
 Passwall                 Tmut/Erth      0%         N/A       41%         2
 Swiftness                Air            0%         N/A       65%         3


Dungeon Overview and Level Annotations

Branches:
Dungeon (4/15)
 Temple: D:4-7

Altars:
Gozag
Hepliaklqana
Makhleb

Shops:
D:2 (   D:3 [(:

Annotations:
D:4 Eustachio


Innate Abilities, Weirdness & Mutations

You have sharp claws.
You have razor-sharp teeth.
You have supernaturally acute eyesight. (SInv)
You cover ground quickly. (Speed+)
You are covered in fur. (AC +1)
Your paws help you pounce on unaware monsters.
You are incapable of wielding weapons or throwing items.
You cannot wear armour.
You gain extra lives every three experience levels.
You are dopey. (Int -2)


Message History

Eustachio is heavily wounded.
Eustachio completely misses you.
The crimson imp grinds its teeth.
You closely miss Eustachio.
Eustachio is heavily wounded.
Eustachio completely misses you.
You closely miss Eustachio.
Eustachio is heavily wounded.
Eustachio barely misses you.
You miss Eustachio. You bite Eustachio.
Eustachio is severely wounded.
Eustachio hits you with a +0 rapier.
You closely miss Eustachio. Your bite misses Eustachio.
Eustachio is heavily wounded.
Eustachio screams, "Hey, you killed my favourite bat!"
Eustachio hits you with a +0 rapier.
You barely miss Eustachio.
Eustachio is heavily wounded.
Eustachio hits you with a +0 rapier!
* * * LOW HITPOINT WARNING * * *
Unknown command.
You scratch Eustachio but do no damage.
Eustachio is heavily wounded.
The white imp disappears in a puff of smoke!
Eustachio gestures wildly while chanting.
Eustachio blinks!
You claw Eustachio! You bite Eustachio.
Eustachio is almost dead.
Eustachio closely misses you.
You scratch Eustachio.
Eustachio is almost dead.
The crimson imp blinks!
You miss Eustachio.
Eustachio is almost dead.
Eustachio screams, "This atrocity can only be purified with blood!"
Eustachio mumbles some strange words.
You closely miss Eustachio.
Eustachio is almost dead.
Eustachio hits you with a +0 rapier!
You die...

#####....###
.#.##......##
......###...#
.#...###.#.##
.##..#.....#
..#........#
###.......######
...........##55###
...........##bb@@#
#.........>#.#####
..........5ยง##
...###..#####
....#...#
.......## .... >..


You could see Eustachio, a quasit (summoned), a crimson imp (summoned) and 2
bats.

Vanquished Creatures
  2 adders (D:2)
  4 gnolls (D:3)
  A worm (D:2)
  A dart slug (D:3)
  8 orcs
  9 endoplasms
  2 giant cockroaches
  8 goblins
  9 hobgoblins
  3 jackals (D:1)
  4 quokkas
  5 ball pythons
  A bat (D:2)
  5 frilled lizards
  3 kobolds
  6 rats
71 creatures vanquished.

Vanquished Creatures (others)
  A plant (D:4)
1 creature vanquished.

Grand Total: 72 creatures vanquished

Notes
Turn   | Place    | Note
-------+----------+-------------------------------------------
     0 | D:1      | Descartes the Felid Wanderer began the quest for the Orb.
     0 | D:1      | Descartes set off with the following items: 2 scrolls of
                  | fear, a potion of mutation; and the following spell
                  | memorised: Apportation; and the following spells available
                  | to memorise: Lesser Beckoning.
     0 | D:1      | Reached XP level 1. HP: 9/9 MP: 3/3
     0 | D:1      | Gained mutation: You are dopey. (Int -2) [potion of
                  | mutation]
    69 | D:1      | You fall into a shaft and drop 1 floor!
   220 | D:1      | Reached skill level 1 in Dodging
   220 | D:1      | Reached XP level 2. HP: 13/13 MP: 4/4
   957 | D:2      | Reached XP level 3. HP: 7/16 MP: 5/5
  1315 | D:2      | Found Kod Iga's Weapon Boutique.
  1858 | D:2      | Found a faded altar of an unknown god.
  1891 | D:2      | Found an opulent altar of Gozag.
  2089 | D:3      | Found Kulity's Armour Shoppe.
  2449 | D:3      | Reached XP level 4. HP: 20/20 MP: 6/6
  2755 | D:3      | Found Peucod's Book Emporium.
  3186 | D:3      | Found Idear's Antique Weapon Boutique.
  3259 | D:3      | Found a burning altar of Makhleb.
  3325 | D:3      | HP: 1/20 [gnoll/+1 flail of protection (12)]
  3715 | D:3      | Found a hazy altar of Hepliaklqana.
  3771 | D:3      | HP: 1/20 [gnoll/+0 spear (6)]
  4212 | D:3      | Slain by a gnoll
  4213 | D:3      | Reached XP level 3. HP: -1/16 MP: 5/5
  4316 | D:3      | Reached XP level 4. HP: 11/21 MP: 6/6
  4918 | D:4      | Noticed Eustachio
  4953 | D:4      | Mangled by Eustachio

Illustrated notes

Levels and vault maps discovered:
D:1:      nzn_arrival_crosshair, layout_basic
D:2:      layout_basic, chequers_ecumenical_altar_grove, basic_altar,
          serial_shops, nicolae_shop_bloodbath_and_beyond
D:3:      minmay_evil_eye, layout_basic, mainiacjoe_overflow_big_doors,
          serial_shops, shop, nicolae_shop_hallway_stairs, shop_statue,
          serial_co_window_serial, co_window_of_opportunity_a,
          co_window_of_opportunity_a, co_window_paths_a, co_window_paths_a,
          co_window_of_opportunity_a, co_window_cross_2, co_window_broadway_c,
          co_window_paths_c, co_window_corner_cb, co_window_paths_d,
          glass_columns_a, glass_columns_b, glass_columns_b, glass_columns_a,
          minmay_between
D:4:      layout_cave_pools, mainiacjoe_overflow_alcove_4, minmay_rat_hole,
          uniq_robin, uniq_grinder, uniq_eustachio, uniq_edmund

Skill      XL: |  1  2  3  4 |
---------------+-------------+-----
Dodging        | 1 2 3 |  3.0
Stealth        | 2 3 |  3.7
Fighting       | 3 |  3.1
Unarmed Combat | |  4.6
Spellcasting   | |  1.0
Translocations | |  3.0

Action                   |  1- 3 |  4- 6 || total
-------------------------+-------+-------++-------
Melee: Unarmed           |    90 |   119 ||   209
       Bite              |     7 |    11 ||    18
       Punch             |     1 |     2 ||     3
  Use: Potion            |     1 |       ||     1
 Stab: Sleeping          |     8 |       ||     8
       Distracted        |     1 |       ||     1
Armor: Skin              |     5 |     2 ||     7
Dodge: Dodged            |    44 |    86 ||   130
